 Dungeon Sprint DCSS version 0.28.0-43-g3370ac3207 (webtiles) character file.

Game seed: 10985952034850072015

1815 boopmooplesden the Fencer (level 8, -7/90 HPs)
             Began as a Minotaur Berserker on Mar 16, 2022.
             Was an Elder of Trog.
             Mangled by a centaur warrior (8 damage)
             ... in the Dungeon (Sprint I: "Red Sonja").
             The game lasted 00:01:32 (657 turns).

boopmooplesden the Fencer (Minotaur Berserker)       Turns: 657, Time: 00:01:32

Health: -7/90      AC:  7    Str: 22    XL:     8   Next: 85%
Magic:  7/7        EV: 13    Int:  4    God:    Trog [****..]
Gold:   417        SH:  0    Dex: 12    Spells: 7/7 levels left

rFire   . . .      SeeInvis .   a - +0 falchion
rCold   . . .      Faith    .   (no shield)
rNeg    . . .      Spirit   .   k - +0 ring mail
rPois   .          Reflect  .   (helmet restricted)
rElec   .          Harm     .   (no cloak)
rCorr   .          Rampage  .   (no gloves)
Will    .....      NoTele   +   (no boots)
Stlth   +.........              (no amulet)
HPRegen 0.25/turn               (no ring)
MPRegen 0.10/turn               (no ring)

@: on berserk cooldown, slowed, very slow
A: horns 2, retaliatory headbutt
a: Renounce Religion, Berserk, Trog's Hand, Brothers in Arms


You were in the Dungeon.
You worshipped Trog.
Trog was greatly pleased with you.
You visited 1 branch You collected 417 gold pieces.

Inventory:

Hand Weapons
 a - a +0 falchion (weapon)
Armour
 b - a +0 animal skin
 k - a +0 ring mail (worn)
Wands
 i - a wand of flame (18)
Scrolls
 h - a scroll of blinking
Potions
 c - 2 potions of curing
 d - a potion of heal wounds
 e - a potion of haste
 f - 2 potions of magic
 g - a potion of berserk rage
 j - 2 potions of mutation {unknown}


   Skills:
 + Level 14.8 Fighting
 + Level 15.0 Long Blades
 + Level 9.4 Armour
 + Level 6.9 Dodging
 + Level 0.4 Stealth


You had 7 spell levels left.
You didn't know any spells.
Your spell library was empty.

Dungeon Overview and Level Annotations

Branches:
Dungeon (1/1)

Altars:
Cheibriados
Dithmenos
Elyvilon
Fedhas
Gozag
Hepliaklqana
Kikubaaqudgha
Makhleb
Nemelex Xobeh
Okawaru
Qazlal
Ru
Sif Muna
Trog
Uskayaw
Vehumet
Wu Jian
Xom
Yredelemnul
Zin
The Shining One
Jiyva
Lugonu

Shops:
D *


Innate Abilities, Weirdness & Mutations

You have a pair of horns on your head.
You reflexively headbutt those who attack you in melee.


Message History

The centaur warrior is severely wounded.
The centaur warrior misses you. The centaur warrior barely misses you.
You slash the centaur warrior!
The centaur warrior is severely wounded.
The centaur warrior shoots an arrow.
The arrow barely misses you.
You barely miss the centaur warrior.
The centaur warrior is severely wounded.
The centaur warrior hits you!
* * * LOW HITPOINT WARNING * * *
The centaur warrior kicks you but does no damage.
You hit the centaur warrior. You headbutt the centaur warrior.
You kill the centaur warrior!
Trog accepts your kill.
You hear a splash. x2
The centaur warrior shoots an arrow.
The arrow hits you!
* * * LOW HITPOINT WARNING * * *
Your Fighting skill increases to level 14!
Your Long Blades skill increases to level 15!
Your Armour skill increases to level 9!
Found a golden potion and 2 poisoned darts.
You are too berserk!
Okay, then.
You enter the shallow water.
Moving in this stuff is going to be slow.
You are no longer berserk.
You are exhausted.
You feel yourself slow down.
The centaur warrior unwields a +0 shortbow.
The centaur warrior closely misses you. You furiously retaliate!
You headbutt the centaur warrior. The centaur warrior kicks you.
* * * LOW HITPOINT WARNING * * *
The centaur warrior hits you but does no damage.
The centaur warrior closely misses you.
Things that are here:
a +0 longbow; 19 arrows; a centaur corpse You closely miss the centaur warrior.
You headbutt the centaur warrior, but do no damage.
The centaur warrior is lightly wounded.
The centaur warrior hits you!
You die...

##########################
#<.#..'..#..'..#__#..')..#
#..').#.)').#..'..'..#)..#
#..#####'#####'#__####...+
#..####..#...#§####!(#####
#..#__####..##§#≈§§§§#
#..#_____##'#§§§§≈§§§+
#⌠⌠#_.∩...'..§§#@c§..#
####_..__##_.#'##§####
#_____###+#.# ($$ #######
### +###


You could see a centaur warrior.

Vanquished Creatures
  A centaur warrior (D)
  2 kobold demonologists (D)
  A slime creature (D)
  Sigmund (D)
  A yak (D)
  A floating eye (D)
  An ogre (D)
  A jelly (D)
  Ijyb (D)
10 creatures vanquished.

Notes
Turn   | Place    | Note
-------+----------+-------------------------------------------
     0 | D        | boopmooplesden the Minotaur Berserker began the quest for
                  | the Orb.
     0 | D        | Reached XP level 1. HP: 19/19 MP: 0/0
     1 | D        | Noticed Ijyb
     5 | D        | Killed Ijyb
     6 | D        | Reached skill level 5 in Fighting
     6 | D        | Reached skill level 5 in Long Blades
     6 | D        | Reached XP level 2. HP: 30/30 MP: 1/1
    49 | D        | Noticed an ogre
    53 | D        | Killed an ogre
    54 | D        | Reached skill level 7 in Long Blades
    54 | D        | Reached XP level 3. HP: 40/40 MP: 2/2
    54 | D        | Reached XP level 4. HP: 48/48 MP: 3/3
   100 | D        | Noticed Sigmund
   103 | D        | Killed Sigmund
   103 | D        | Reached ** piety under Trog
   104 | D        | Reached skill level 10 in Long Blades
   104 | D        | Reached skill level 5 in Armour
   104 | D        | Reached XP level 5. HP: 58/58 MP: 4/4
   162 | D        | Found a burning altar of Makhleb.
   162 | D        | Found a viscous altar of Jiyva.
   162 | D        | Found a shimmering altar of Xom.
   162 | D        | Found a corrupted altar of Lugonu.
   162 | D        | Noticed a slime creature
   167 | D        | Killed a slime creature
   168 | D        | Reached skill level 11 in Long Blades
   168 | D        | Reached skill level 5 in Dodging
   168 | D        | Reached XP level 6. HP: 68/68 MP: 5/5
   217 | D        | Noticed a kobold demonologist
   218 | D        | Noticed a kobold demonologist
   219 | D        | Noticed a floating eye
   220 | D        | Paralysed by a floating eye for 4 turns
   221 | D        | Noticed an orange demon
   226 | D        | Noticed a ynoxinul
   227 | D        | Noticed a ynoxinul
   228 | D        | Killed a kobold demonologist
   229 | D        | Reached skill level 12 in Long Blades
   229 | D        | Reached XP level 7. HP: 55/78 MP: 6/6
   231 | D        | Killed a kobold demonologist
   231 | D        | Reached *** piety under Trog
   232 | D        | Reached skill level 13 in Long Blades
   235 | D        | Reached XP level 8. HP: 33/86 MP: 7/7
   483 | D        | Found an ornate altar of the Wu Jian Council.
   483 | D        | Found a shimmering blue altar of Sif Muna.
   485 | D        | Found a radiant altar of Vehumet.
   534 | D        | Found Nurrustry's General Store.
   534 | D        | Found an ancient bone altar of Kikubaaqudgha.
   534 | D        | Found a hazy altar of Hepliaklqana.
   534 | D        | Found a stormy altar of Qazlal.
   534 | D        | Found a hide-covered altar of Uskayaw.
   534 | D        | Found a blossoming altar of Fedhas.
   534 | D        | Found a bloodstained altar of Trog.
   534 | D        | Found an iron altar of Okawaru.
   534 | D        | Found a basalt altar of Yredelemnul.
   534 | D        | Found a glowing golden altar of the Shining One.
   534 | D        | Found a snail-covered altar of Cheibriados.
   534 | D        | Found a sacrificial altar of Ru.
   534 | D        | Found a glowing silver altar of Zin.
   534 | D        | Found a shadowy altar of Dithmenos.
   534 | D        | Found a white marble altar of Elyvilon.
   538 | D        | Reached **** piety under Trog
   539 | D        | Reached skill level 14 in Long Blades
   539 | D        | Found an opulent altar of Gozag.
   540 | D        | Found a sparkling altar of Nemelex Xobeh.
   641 | D        | Noticed a centaur warrior
   641 | D        | Noticed a centaur warrior
   655 | D        | Killed a centaur warrior
   655 | D        | HP: 6/132 [centaur warrior/arrow (15)]
   656 | D        | Reached skill level 15 in Long Blades
   656 | D        | HP: 1/90 [centaur warrior (3)]
   657 | D        | Mangled by a centaur warrior

Illustrated notes

Levels and vault maps discovered:
D:        dungeon_sprint_1 [red_sonja_temple_1, red_sonja_temple_small_1]

Skill      XL: |  1  2  3  4  5  6  7  8 |
---------------+-------------------------+-----
Fighting       | 5 7 9 11 12 13 14 | 14.8
Long Blades    | 5 7 10 11 12 13 15 | 15.0
Armour         | 3 4 5 6 7 8 9 |  9.4
Dodging        | 3 4 5 6 |  6.9
Stealth        | |  0.4

Action                   |  1- 3 |  4- 6 |  7- 9 || total
-------------------------+-------+-------+-------++-------
Melee: Falchion          |     5 |    10 |    22 ||    37
       Headbutt          |     1 |     5 |     5 ||    11
Invok: Berserk           |     2 |     3 |     1 ||     6
Armor: Ring mail         |       |     1 |     5 ||     6
Dodge: Dodged            |     3 |     5 |    11 ||    19
